 Dungeon Crawl Stone Soup version 0.29-a0-341-g24ffce5b50 (webtiles) character file.

Game seed: 16859600178919621302

35 KateM the Shield-Bearer (level 3, 0/33 HPs)
             Began as a Minotaur Fighter on Apr 20, 2022.
             Slain by Jessica
             ... wielding a +2 dagger of speed
              (6 damage)
             ... on level 2 of the Dungeon.
             The game lasted 00:00:51 (1161 turns).

KateM the Shield-Bearer (Minotaur Fighter)          Turns: 1161, Time: 00:00:52

Health: 0/33       AC:  7    Str: 22    XL:     3   Next: 16%
Magic:  2/2        EV:  9    Int:  5    God:
Gold:   47         SH:  4    Dex:  9    Spells: 2/2 levels left

rFire   . . .      SeeInvis .   a - +0 flail
rCold   . . .      Faith    .   c - +0 buckler
rNeg    . . .      Spirit   .   b - +0 scale mail
rPois   .          Reflect  .   (helmet restricted)
rElec   .          Harm     .   (no cloak)
rCorr   .          Rampage  .   (no gloves)
Will    .....                   (no boots)
Stlth   ..........              (no amulet)
HPRegen 0.11/turn               (no ring)
MPRegen 0.08/turn               (no ring)

@: no status effects
A: horns 2, retaliatory headbutt
a: no special abilities


You were on level 2 of the Dungeon.
You visited 1 branch of the dungeon, and saw 2 of its levels.

You collected 47 gold pieces.

Inventory:

Hand Weapons
 a - a +0 flail (weapon)
Armour
 b - a +0 scale mail (worn)
 c - a +0 buckler (worn)
Scrolls
 e - a scroll of summoning {unknown}
 f - a scroll of holy word {unknown}
Potions
 d - a potion of might
 g - a potion of attraction {unknown}
 h - a potion of cancellation {unknown}
 i - a potion of lignification {unknown}


   Skills:
 + Level 4.0 Fighting
 * Level 3.4 Maces & Flails
 + Level 4.0 Armour
 + Level 4.0 Shields


You had 2 spell levels left.
You didn't know any spells.
Your spell library was empty.

Dungeon Overview and Level Annotations

Branches:
Dungeon (2/15)

Altars:
Fedhas

Shops:
D:2 [

Annotations:
D:2 Jessica


Innate Abilities, Weirdness & Mutations

You have a pair of horns on your head.
You reflexively headbutt those who attack you in melee.


Message History

The adder bites you but does no damage.
Jessica hits you with a +2 dagger of speed.
You barely miss the adder. Your headbutt misses the adder.
Jessica hits you but does no damage. The adder bites you.
Jessica looks very angry.
Jessica points at you and mumbles some strange words.
You barely resist.
There are monsters nearby!
You closely miss the adder. The adder closely misses you.
Jessica hits you with a +2 dagger of speed.
Jessica barely misses you. The adder misses you. You furiously retaliate!
You headbutt the adder.
Jessica hits you with a +2 dagger of speed.
You closely miss the adder.
The adder is heavily wounded.
You block Jessica's attack. The adder barely misses you.
You furiously retaliate!
You headbutt the adder, but do no damage.
Jessica hits you with a +2 dagger of speed.
The adder bites you but does no damage.
You hit Jessica.
Jessica is moderately wounded.
Jessica gestures at you while chanting. Pain shoots through your body!
Jessica gestures at you while chanting. You resist with some effort.
The adder bites you but does no damage.
Unknown command.
You hit Jessica.
Jessica is moderately wounded.
Jessica points at you and mumbles some strange words.
Pain shoots through your body!
* * * LOW HITPOINT WARNING * * *
The adder bites you but does no damage. You block Jessica's attack.
The adder barely misses you. Jessica hits you but does no damage.
Unknown command.
You barely miss Jessica.
Jessica is moderately wounded.
Jessica hits you but does no damage. You block the adder's attack.
Jessica hits you with a +2 dagger of speed.
You die...

#...# #...####
##############..†....
+....................
#.....#####..........
#.....# #..........
#...$.# #.........#
#.....# ###########
#...@@# #...S.......
#...........
#...........
#?..........
#...<.......
#...........
.$..........


You could see an adder and Jessica (fast).

Vanquished Creatures
  2 worms (D:2)
  A dart slug (D:1)
  4 bats (D:1)
  2 endoplasms
  A giant cockroach (D:1)
  5 goblins
  2 hobgoblins (D:1)
  A quokka (D:1)
  4 ball pythons
  A frilled lizard (D:1)
  2 kobolds (D:1)
  A rat (D:1)
26 creatures vanquished.

Notes
Turn   | Place    | Note
-------+----------+-------------------------------------------
     0 | D:1      | KateM the Minotaur Fighter began the quest for the Orb.
     0 | D:1      | Reached XP level 1. HP: 19/19 MP: 0/0
   194 | D:1      | Reached XP level 2. HP: 24/27 MP: 1/1
   883 | D:2      | Found Riujehonn's Antique Armour Emporium.
   910 | D:2      | Reached XP level 3. HP: 25/33 MP: 2/2
  1002 | D:2      | Found a blossoming altar of Fedhas.
  1037 | D:2      | Noticed a great orb of eyes
  1042 | D:2      | Found a faded altar of an unknown god.
  1044 | D:2      | Noticed a golden eye
  1044 | D:2      | Noticed a golden eye
  1044 | D:2      | Noticed an eye of devastation
  1151 | D:2      | Noticed Jessica
  1161 | D:2      | Slain by Jessica

Illustrated notes

Levels and vault maps discovered:
D:1:      minmay_arrival_shoal_huts, layout_basic, hangedman_decor_riveting
D:2:      layout_basic, serial_shops, nicolae_shop_crystal, basic_altar,
          hellmonk_ecumenical_altar_watching_god, hex_tiny, uniq_jessica

Skill      XL: |  1  2  3 |
---------------+----------+-----
Maces & Flails | 3 |  3.4
Fighting       | 4 |  4.0
Shields        | 4 |  4.0
Armour         | 4 |  4.0

Action                   || total
-------------------------++-------
Melee: Flail             ||    60
       Headbutt          ||     7
Armor: Scale mail        ||    35
Dodge: Dodged            ||    39
Block: Buckler           ||    10

Table legend: (Time is in decaauts)
 A = Elapsed time spent in this place.
 B = Non-inter-level travel time spent in this place.
 C = Inter-level travel time spent in this place.
 D = Time resting spent in this place.
 E = Time spent auto-exploring this place.
 F = Levels seen in this place.
 G = Mean time per level.
                   A        B        C        D        E       F      G
               +--------+--------+--------+--------+--------+-----+--------+
         Total |   1181 |   1181 |      0 |      0 |   1007 |   2 |  590.5 |
       Dungeon |   1181 |   1181 |      0 |      0 |   1007 |   2 |  590.5 |
               +--------+--------+--------+--------+--------+-----+--------+

Top non-repeatable levels by time:
     D:1: 894 daAuts
     D:2: 287 daAuts
